Map: [ESL] Oceanborn

Players

DKZDark (Dark)

  • Race: Zerg Zerg
  • League: Master
  • Spawn Location: 11:00

DKZherO (herO) - Winner!

  • Race: Protoss Protoss
  • League: Grandmaster
  • Spawn Location: 5:00

Event: IEM Katowice 2024

VOD

Have the link to the VOD?

Description

Time

  • Played on: Dec. 6, 2023, 5:12 a.m.
  • Length: 10:38

All games in this series

Show
View Real Time Build Order
Export as new Build Order

DKZDark Zerg 

Build Orders: Hatch First 

Get SALT Encoding   

  12  0:00  Drone  
  13  0:12  Overlord  
  13  0:17  Drone  
  14  0:31  Drone x2  
  16  0:48  Hatchery  
  15  0:52  Drone  
  15  0:55  Drone  
  17  0:58  Drone  
  18  1:09  Extractor  
  17  1:13  Spawning Pool  
  17  1:17  Drone  
  17  1:21  Drone  
  18  1:28  Drone  
  19  1:39  Drone  
  20  1:50  Overlord  
  20  2:00  Queen x2  
  24  2:01  Zergling x4  
  26  2:12  Zergling x2  
  26  2:13  Drone  
  26  2:15  Metabolic Boost  
  28  2:24  Drone  
  28  2:25  Drone  
  30  2:33  Drone  
  30  2:34  Drone  
  32  2:43  Hatchery  
  31  2:48  Queen  
  33  2:56  Overlord  
  33  3:01  Drone  
  33  3:03  Drone  
  33  3:04  Drone  
  36  3:14  Overlord  
  36  3:15  Drone  
  36  3:18  Drone x5  
  42  3:26  Overlord  
  42  3:28  Drone  
  42  3:29  Spore Crawler  
  42  3:33  Queen  
  44  3:39  Drone x3  
  47  3:44  Queen  
  49  3:49  Drone  
  49  3:50  Drone  
  49  3:52  Drone x2  
  49  3:55  Drone x2  
  55  3:57  Drone  
  55  4:00  Drone x2  
  55  4:04  Drone  
  55  4:06  Queen  
  55  4:09  Spore Crawler  
  57  4:12  Drone  
  57  4:13  Drone  
  57  4:15  Drone  
  60  4:17  Drone x2  
  60  4:20  Overlord  
  62  4:26  Drone x2  
  62  4:28  Lair  
  63  4:34  Zergling x2  
  63  4:35  Zergling x8  
  65  4:40  Drone x2  
  65  4:41  Extractor x2  
  65  4:43  Roach Warren  
  65  4:44  Zergling x2  
  65  4:45  Drone  
  66  4:47  Drone  
  66  4:52  Drone x3  
  70  4:56  Extractor  
  70  4:59  Drone x3  
  72  5:02  Drone x2  
  73  5:07  Pneumatized Carapace  
  70  5:20  Drone x3  
  70  5:25  Spore Crawler  
  69  5:30  Overlord  
  69  5:32  Roach x2  
  69  5:33  Overlord  
  73  5:36  Overlord  
  73  5:38  Overlord  
  73  5:43  Overlord x2  
  73  5:49  Roach x4  
  81  5:52  Roach  
  81  5:53  Roach x2  
  81  5:54  Zergling x8  
  91  6:00  Zergling x6  
  91  6:01  Zergling x6  
  95  6:06  Ravager x2  
  95  6:10  Zergling x8  
  100  6:21  Zergling x10  
  100  6:22  Ravager x3  
  105  6:27  Zergling x6  
  105  6:30  Zergling x2  
  105  6:32  Zergling x8  
  99  6:41  Zergling x2  
  99  6:42  Zergling x2  
  99  6:47  Zergling x4  
  96  6:52  Ravager x2  
  96  6:57  Zergling x12  
  100  7:04  Zergling x2  
  99  7:10  Zergling x4  
  93  7:17  Zergling x4, Queen  
  93  7:18  Queen  
  94  7:25  Zergling x2  
  84  7:35  Zergling x10, Queen  
  83  7:43  Zergling x6  
  81  7:46  Zergling x2  
  79  7:53  Queen  
  79  7:55  Drone x2  
  75  8:01  Drone x2  
  75  8:05  Roach  
  78  8:10  Drone x2  
  80  8:12  Evolution Chamber  
  80  8:16  Drone  
  80  8:19  Drone  
  81  8:22  Roach  
  81  8:23  Infestation Pit  
  84  8:27  Roach  
  84  8:30  Drone x2  
  84  8:31  Drone x2  
  84  8:33  Overlord  
  88  8:38  Drone, Zerg Missile Weapons Level 1  
  89  8:42  Overlord  
  89  8:43  Drone x2  
  89  8:45  Roach x3  
  97  8:51  Glial Reconstitution  
  97  8:52  Drone  
  97  8:53  Drone x3  
  101  9:00  Infestor x3  
  107  9:04  Infestor  
  107  9:05  Infestor  
  107  9:08  Extractor  
  110  9:10  Extractor  
  110  9:15  Drone x5  
  114  9:20  Roach  
  113  9:25  Roach x2  
  113  9:31  Roach x2  
  120  9:33  Ravager  
  120  9:37  Roach x4  
  121  9:45  Roach x3, Ravager  
  121  9:47  Overlord  
  121  9:48  Overlord  
  122  9:53  Overlord  
  122  10:05  Overlord x2  
  121  10:07  Ravager x9  
  121  10:08  Zergling x10  
  121  10:12  Zergling x12  
  141  10:18  Zergling x4  
Show
View Real Time Build Order
Export as new Build Order

DKZherO Protoss - Winner!

Build Orders: 1 Gate Expand, Oracle Opening 

Get SALT Encoding   

  12  0:00  Probe  
  13  0:12  Probe  
  14  0:18  Pylon  
  14  0:24  Probe (Chrono Boost)  
  15  0:37  Probe (Chrono Boost)  
  15  0:39  Gateway  
  16  0:45  Probe (Chrono Boost)  
  17  0:50  Assimilator  
  17  0:51  Probe  
  18  1:03  Probe  
  19  1:15  Probe  
  20  1:27  Nexus  
  20  1:37  Cybernetics Core  
  20  1:39  Probe  
  21  1:44  Assimilator  
  21  1:51  Probe  
  22  1:55  Pylon  
  22  2:03  Probe  
  23  2:10  Adept (Chrono Boost)  
  25  2:15  Probe  
  25  2:17  Stargate  
  26  2:24  Warp Gate  
  26  2:28  Probe  
  27  2:33  Adept  
  29  2:39  Probe (Chrono Boost)  
  31  2:45  Probe (Chrono Boost)  
  31  2:50  Probe (Chrono Boost)  
  32  2:54  Probe (Chrono Boost)  
  32  2:55  Probe (Chrono Boost)  
  34  2:58  Oracle (Chrono Boost)  
  34  3:03  Adept  
  40  3:05  Probe x2  
  40  3:11  Pylon  
  41  3:17  Probe  
  42  3:20  Probe  
  42  3:22  Gateway  
  43  3:28  Oracle (Chrono Boost)  
  43  3:29  Probe  
  43  3:32  Probe  
  48  3:48  Nexus  
  48  3:52  Probe, Pylon  
  48  3:54  Probe  
  50  3:56  Oracle (Chrono Boost)  
  53  4:05  Probe  
  53  4:08  Pylon  
  54  4:10  Probe  
  54  4:14  Adept  
  54  4:16  Adept  
  59  4:20  Assimilator  
  59  4:21  Assimilator  
  59  4:22  Probe x2  
  61  4:30  Twilight Council  
  61  4:36  Probe x2  
  63  4:45  Gateway x2  
  63  4:50  Probe x2, Forge  
  65  5:00  Protoss Ground Weapons Level 1 (Chrono Boost)  
  65  5:01  Blink (Chrono Boost)  
  65  5:02  Probe x2  
  67  5:17  Probe x2 (Chrono Boost)  
  67  5:20  Probe (Chrono Boost), Stalker x2  
  76  5:30  Probe (Chrono Boost)  
  76  5:31  Probe x2 (Chrono Boost)  
  76  5:35  Shield Battery, Probe (Chrono Boost)  
  77  5:37  Pylon  
  77  5:38  Probe x2  
  77  5:40  Gateway x2  
  80  5:47  Probe  
  80  5:49  Stalker x2  
  85  5:55  Stalker x2  
  89  6:01  Gateway  
  89  6:03  Gateway  
  89  6:09  Probe  
  90  6:13  Probe x2  
  92  6:22  Pylon  
  92  6:23  Pylon  
  92  6:24  Pylon  
  92  6:26  Shield Battery  
  92  6:29  Pylon  
  92  6:30  Pylon  
  92  6:40  Stalker x5  
  92  6:46  Pylon  
  89  6:47  Stalker  
  89  6:48  Shield Battery, Probe  
  81  7:03  Stalker  
  81  7:04  Stalker x5  
  89  7:15  Stalker x2  
  82  7:26  Stalker  
  82  7:27  Stalker x2  
  82  7:31  Probe x3  
  71  7:37  Stalker  
  73  7:48  Stalker  
  73  7:49  Stalker x2  
  73  8:01  Protoss Ground Weapons Level 2 (Chrono Boost)  
  73  8:02  Probe x3  
  73  8:05  Oracle (Chrono Boost)  
  79  8:14  Probe x2 (Chrono Boost)  
  79  8:15  Probe (Chrono Boost)  
  79  8:17  Shield Battery  
  79  8:19  Sentry x3  
  88  8:27  Probe x2 (Chrono Boost)  
  91  8:32  Probe (Chrono Boost)  
  91  8:34  Oracle, Probe x2 (Chrono Boost)  
  91  8:38  Probe (Chrono Boost)  
  97  8:43  Pylon  
  97  8:44  Stalker  
  101  8:49  Stalker  
  101  8:50  Probe  
  101  8:53  Gateway  
  101  8:55  Stalker x2  
  106  9:08  Stalker x4  
  114  9:11  Pylon  
  114  9:19  Stalker x2  
  114  9:20  Stalker  
  120  9:31  Pylon  
  120  9:32  Pylon  
  120  9:44  Stalker x6  
  130  9:49  Stalker  
  132  9:53  Stalker  
  132  9:54  Stalker  
  136  10:07  Stalker x4  
  136  10:12  Stalker  
  146  10:19  Stalker x2  

Tags
 
Add a new tag
Caveats
  • Supply blocks, unpowered buildings, or Contaminate may cause inaccurate times.
  • Supply counts are checked every 10 seconds.